Cogmind - Beta 13 @@@ ROGUE MODE // 2024.04.19 @ 00:11:33 Player: FlyingLemon Result: Destroyed by S-10 Pest with Light Assault Rifle Performance ------------- Evolutions (0) 0 Regions Visited (1) 200 Robots Destroyed (8) 40 Value Destroyed (267) 267 Prototype IDs (0) 0 Alien Tech Used (0) 0 Bonus (0) 0 TOTAL SCORE: 507 Bonus ------- None Cogmind --------- Core Integrity 0/250 Matter 259/300 Energy 125/125 System Corruption 0% Temperature Cool (0) Movement Walking (120) Location -10/Materials Parts ------- > --- POWER (1) -------- Light Ion Engine > --- PROPULSION (2) --- Aluminum Leg Aluminum Leg > --- UTILITY (2) ------ Small Storage Unit Hacking Suite > --- WEAPON (2) ------- Assault Rifle > --- INVENTORY (8) ---- Aluminum Leg Aluminum Leg Wheel Compact Wheel Improved Heat Sink ECM Suite Peak State ------------ > --- POWER ------------ Light Ion Engine > --- PROPULSION ------- Light Treads Light Treads > --- UTILITY ---------- Small Storage Unit Hacking Suite > --- WEAPON ----------- EM Pulse Gun Light Assault Rifle > --- INVENTORY -------- Light Ion Engine Aluminum Leg Aluminum Leg Wheel Compact Wheel Authchip [R/Combat] Assault Rifle [Rating: 10] Favorites ----------- Power Light Ion Engine Engine Light Ion Engine Propulsion Light Treads Treads Light Treads Leg Aluminum Leg Utility Small Storage Unit Storage Small Storage Unit Hackware Hacking Suite Weapon Light Assault Rifle Energy Gun EM Pulse Gun Ballistic Gun Light Assault Rifle Special Melee Weapon Datajack Build | -11 -10 ------- Run | Yrd Mat Slots Evolved . | . . Power . | . . Propulsion . | . . Utility . | . . Weapon . | . . Parts Attached 14 | 8 6 Power 2 | 1 1 Engine 2 | 1 1 Core . | . . Reactor . | . . Propulsion 6 | 4 2 Treads 3 | 3 . Leg 3 | 1 2 Wheel . | . . Hover . | . . Flight . | . . Utility 2 | 1 1 Device . | . . Storage 1 | 1 . Processor . | . . Hackware 1 | . 1 Protection . | . . Artifact . | . . Weapon 4 | 2 2 Energy Gun 1 | 1 . Energy Cannon . | . . Ballistic Gun 2 | 1 1 Ballistic Cannon . | . . Launcher . | . . Special Weapon . | . . Impact Weapon . | . . Slashing Weapon . | . . Piercing Weapon . | . . Special Melee Weapon 1 | . 1 Unidentified Prototypes . | . . Parts Lost 3 | . 3 Power . | . . Propulsion 1 | . 1 Utility . | . . Weapon 2 | . 2 Highest Loss Streak 1 | . 1 To Critical Strikes . | . . Average Slot Usage (%) 91 | . 91 Engine 14 | . 14 Treads 23 | . 23 Leg 3 | . 3 Storage 14 | . 14 Hackware 12 | . 12 Energy Gun 2 | . 2 Ballistic Gun 17 | . 17 Special Melee Weapon 2 | . 2 Naked Turns . | . . Heaviest Build 11 | 11 11 Greatest Support 40 | 40 40 Greatest Overweight (x) 1 | 1 . Average Overweight (x) . | . . Largest Inventory Capacity 8 | 8 8 Average Capacity 7 | 7 8 Most Carried 8 | 7 8 Average Carried 6 | 4 7 Final Capacity 8 | 8 8 Final Carried 6 | 6 6 Class Distribution -------------------- 100% | Mutant Dominant Class ---------------- Mutant | -10/Materials Resources | -11 -10 ----------- Run | Yrd Mat Matter Collected 390 | 220 170 Remotely . | . . Salvage Created 314 | . 314 Parts 21 | . 21 Haulers Intercepted . | . . Recyclers Shooed . | . . Parts Field Recycled . | . . Retrieved Matter . | . . Parts Self-Destructed . | . . Prevented . | . . Kills | -11 -10 ------- Run | Yrd Mat Combat Hostiles Destroyed 7 | . 7 Guns 7 | . 7 Classes Destroyed 2 | . 2 Operator 1 | . 1 Grunt 7 | . 7 Best Kill Streak 3 | . 3 Combat Bots Only 3 | . 3 Max Kills in Single Turn 1 | . 1 Gunslinging . | . . Exploded . | . . Melee . | . . Uniques/NPCs Destroyed . | . . Combat | -11 -10 -------- Run | Yrd Mat Hostile Shots Fired 93 | . 93 Missed 23 | . 23 Damage Taken 890 | . 890 Core 255 | . 255 Absorbed by Shields . | . . Core Remaining (%) 100 | 100 . Volleys Fired 40 | . 40 Largest 2 | . 2 Hottest 60 | . 60 Shots Fired 63 | . 63 Gun 63 | . 63 Cannon . | . . Launcher . | . . Special . | . . Kinetic 62 | . 62 Thermal . | . . Explosive . | . . Electromagnetic 1 | . 1 Robot Hit Streak 8 | . 8 Robot Miss Streak 2 | . 2 Penetration Max . | . . Secondary Targets . | . . Shots Hit Robots 45 | . 45 Core Hits 21 | . 21 Critical Kills . | . . Critical Parts Destroyed 1 | . 1 Critical Strikes 1 | . 1 Destroy 1 | . 1 Melee Attacks . | . . Impact . | . . Slashing . | . . Piercing . | . . Sneak Attacks . | . . Combat Hostiles . | . . Follow-up Attacks . | . . Damage Inflicted 430 | . 430 Guns 430 | . 430 Cannons . | . . Explosions . | . . Melee . | . . Ramming . | . . Kinetic 414 | . 414 Thermal . | . . Explosive . | . . Electromagnetic 16 | . 16 Impact . | . . Slashing . | . . Piercing . | . . Highest Corruption . | . . Average Corruption . | . . Corruption Purged . | . . Corruption Blocked . | . . Overload Shots . | . . Overflow Damage . | . . Projectiles . | . . Explosions . | . . Melee . | . . Knockbacks . | . . Impact . | . . Kinetic . | . . Secondary . | . . Self-Inflicted Damage . | . . Shots . | . . Rammed 1 | . 1 Targets Rammed 1 | . 1 Kicked . | . . Crushed . | . . Highest Temperature 24 | . 24 Average Temperature 8 | . 8 Received Heat Transfer 420 | . 420 Siege Activations . | . . Robots Corrupted . | . . Combat Hostiles . | . . Parts Fried . | . . Impact Corruptions . | . . Robots Melted . | . . Combat Hostiles . | . . Parts Melted . | . . Heat Transferred . | . . Parts Sabotaged . | . . Parts Stolen . | . . Parts Stripped . | . . Power Chain Reactions . | . . Alert | -11 -10 ------- Run | Yrd Mat Peak Influence 100 | . 100 Initial . | . . Average 27 | . 31 Maximum Alert Level . | . . Low Security (%) 100 | 100 100 Level 1 . | . . Level 2 . | . . Level 3 . | . . Level 4 . | . . Level 5 . | . . High Security . | . . Max Security . | . . Squads Dispatched 2 | . 2 Investigation 1 | . 1 Extermination . | . . Reinforcement 1 | . 1 Assault . | . . Garrison . | . . Intercept . | . . Searches Triggered . | . . Construction Impeded . | . . Haulers Reinforced . | . . Active Scanning Responses . | . . Cargo Convoy Interrupts . | . . Stealth | -11 -10 --------- Run | Yrd Mat Distress Signals 1 | . 1 Communications Jammed . | . . Distress Signals . | . . Times Spotted 17 | . 17 Peak Tracking Total 6 | . 6 Tactical Retreats . | . . Traps | -11 -10 ------- Run | Yrd Mat Traps Triggered 1 | . 1 Indirectly . | . . Trap Hack Attempts . | . . Triggered . | . . Disarmed . | . . Reprogrammed . | . . Reused . | . . Traps Extracted . | . . Installed . | . . Triggered . | . . Machines | -11 -10 ---------- Run | Yrd Mat Machines Disabled 1 | . 1 Max in Single Turn 1 | . 1 Machines Repaired . | . . Machines Dismantled . | . . Machines Sabotaged . | . . Overloaded Fab Kills . | . . Hacking | -11 -10 --------- Run | Yrd Mat Machines Accessed 4 | . 4 Terminals 3 | . 3 Fabricators . | . . Repair Stations . | . . Recycling Units 1 | . 1 Scanalyzers . | . . Garrison Access . | . . Total Hacks 11 | . 11 Successful 4 | . 4 Failed 7 | . 7 Catastrophic 2 | . 2 Database Lockouts . | . . Manual 9 | . 9 Terminals 9 | . 9 Fabricators . | . . Repair Stations . | . . Recycling Units 2 | . 2 Scanalyzers . | . . Garrison Access . | . . Terminal Hacks 2 | . 2 Recall Investigation 1 | . 1 Registered Components 1 | . 1 Fabricator Hacks . | . . Repair Station Hacks . | . . Recycling Unit Hacks 2 | . 2 Report Inventory 1 | . 1 Retrieve Components 1 | . 1 Scanalyzer . | . . Garrison Access Hacks . | . . Unauthorized Hacks . | . . Terminals . | . . Fabricators . | . . Repair Stations . | . . Recycling Units . | . . Scanalyzers . | . . Garrison Access . | . . Data Cores Recovered 1 | . 1 Used . | . . Hacking Detections 2 | . 2 Full Trace Events . | . . Feedback Events . | . . Feedback Blocked . | . . Robot Schematics Acquired . | . . Robots Built . | . . Authchips . | . . Time . | . . Total Robot Build Rating . | . . Part Schematics Acquired . | . . Parts Built . | . . Authchips . | . . Time . | . . Total Part Build Rating . | . . Parts Repaired . | . . Time . | . . Parts Recycled . | . . Recycled Matter . | . . Retrieved Matter . | . . Retrieved Components 2 | . 2 Parts Scanalyzed . | . . Part Schematics Acquired . | . . Parts Damaged . | . . Bothacking | -11 -10 ------------ Run | Yrd Mat Used RIF Installer . | . . Robots Hacked . | . . Non-combat . | . . Combat . | . . Robot Hacks Applied . | . . Relay Couplers Released . | . . Fabnet Peak Effective % . | . . Robots Rewired . | . . Allies Hacked . | . . Hacks Repelled . | . . Allies | -11 -10 -------- Run | Yrd Mat Total Allies . | . . Largest Group . | . . Highest-Rated Group . | . . Highest-Rated Ally . | . . Total Orders . | . . Ally Attacks . | . . Total Damage . | . . Kills . | . . Allies Corrupted . | . . Allies Melted . | . . Intel | -11 -10 ------- Run | Yrd Mat Robot Analysis Total . | . . Derelict Logs Recovered . | . . Drone Launches . | . . Drone Recoveries . | . . Exploration | -11 -10 ------------- Run | Yrd Mat Turns Passed 663 | 95 568 Spaces Moved 320 | 50 270 Core 2 | 2 . Treads 283 | 46 237 Legs 35 | 2 33 Wheels . | . . Hover . | . . Flight . | . . Fastest Speed 50 | 50 120 Average Speed 155 | 155 155 Slowest Speed 160 | 160 160 Overloaded Moves . | . . Propulsion Burnouts . | . . Robots Hopped . | . . Cave-ins Triggered . | . . Exploration Rate (%) 25 | 5 45 Regions Visited 1 Branch Regions . Pre-discovered Areas . | . . Known Exits Taken . | . . Unknown Exits Taken 1 | 1 . Scrap Searched . | . . Spaces Dug . | . . Terrain Destroyed . | . . Melee . | . . Projectile . | . . AOE . | . . Terrain Rammed . | . . Walls Destroyed . | . . Machines Disabled . | . . Actions | -11 -10 --------- Run | Yrd Mat Total 428 | 64 364 Wait 37 | . 37 Move 319 | 49 270 Hop . | . . Pick Up 13 | 7 6 Fast Attach 6 | 5 1 Attach 5 | 1 4 Detach . | . . Swap 3 | 2 1 Drop 4 | . 4 Fire 40 | . 40 Melee . | . . Ram . | . . Kick . | . . Crush 1 | . 1 Escape Stasis . | . . Rewire . | . . Trap . | . . Miscellaneous . | . . Route ------- -11/Scrapyard -10/Materials (discovered 1 exit: [*Min]) History --------- Turn | Location | Event 11 | -11/Scrapyard | Discovered new exit (range 15) 96 | -11/Scrapyard | Entered Materials 300 | -10/Materials | Build established: Mutant 360 | -10/Materials | Discovered new exit (range 9) 653 | -10/Materials | Core integrity fell below 50% 653 | -10/Materials | Core integrity fell below 20% 664 | -10/Materials | Destroyed by S-10 Pest with Light Assault Rifle Last Messages --------------- G-34 Mercenary destroyed. Acquired 45 matter. Lgt. Treads destroyed. G-34 Mercenary destroyed. Machine disabled. Acquired 20 matter. R-06 Scavenger collects Ion Engine. K-01 Serf collects debris. Slammed into K-01 Serf. R-06 Scavenger collects Sml. Laser. Acquired Aluminum Leg. R-06 Scavenger collects Heat Sink. Acquired Aluminum Leg. Dropped Lgt. Treads. Dropped Lgt. Ion Engine. Acquired 12 matter. G-34 Mercenary destroyed. Fusion Modulator explodes. G-34 Mercenary destroyed. Lgt. Assault Rifle destroyed. Map ----- +----------------------------------------------------+ | ??????# # "" #????????????????????????? | | ??????# # Y" #????????????????????????? | | ??????# # ! "" #????????????????????????? | | ??????##### # #??###???????????????????? | | ??????????# # """ #?#^ ^?^?????????????????? | | ??????????# # """ #?#^ ???????????????????? | | ??????????# + """ #?# "??????????????????? | | ??????????# ############# """?????????????????? | | ??????????# #??# #] ""??????????????????? | | ??????????# #??# """# """?#???????????????? | | ??????????# #??# """#^ "" #???????????????? | | ??????????# #??# """# """ #???????????????? | | ??????????# #??# # ^""" #???????????????? | | ??????????# #??# """# """ ############????? | | ??????????# #??# ! """# " ## #????? | | ??????????# #??# """# ## #????? | | ??????????# #??# # ! ## #????? | | ??????????# #??#####+#####+###### #????? | | ??????????# #?????# # #????? | | ??????????# ####### = [ # #????? | | ??????????# [%= / #????? | | ??????????# ;;;;;;;""######## # #????? | | ??????????# ;;;;;;;; #?????## ###+#######????? | | ??????????# ; ;;####### ## #??????????? | | ??????????# ; ; ## #??????????? | | ??????????# ; [= @ #??????????? | | ??????????# ; *%% ## #??????????? | | ??????????# ; =[g ##### ## #??????????? | | ??????? ;;;;;;;;g #######+####+#??????????? | | ?????? ; ; "# #??????????? | | ??????? #### ## ""#! ^^ #??????????? | | ???????#### ???##?# !!# ^ ^ #??????????? | | ??????????# ??????# r< " # #??????????? | | ??????????# ??????# ||# #??????????? | | ??????????? ??????# ""# ! #??????????? | | ??????????? ???????# u "# #??????????? | | ??????????? ???????## #### [ #??????????? | | ??????????? ????????# #??###########??????????? | | ??????????# ????????# #???????????????????????? | | ??????????# ????????# ######??????????????????? | | ?????? ######## ##"""#??????????????????? | | ?????? #"T"###########????????? | | ?????????? ######### T ??????? | | ??????????# #???????# ??????? | | ??????????# ######### ?????? | | ??????????# ## # !!! !!!########??????? | | ??????????# + ## !!! !! #?????????????? | | ??????????# ## #T !!! !! #?????????????? | | ??????????# ## " " ## #?????????????? | | ??????????# ## "R" ## #?????????????? | +----------------------------------------------------+ Best States ------------- Heat Dissipation 25 Energy Generation 10 Energy Capacity 125 Matter Stores 300 Matter Capacity 300 Sight Range 16 Terrain Scan Density 10 Evasion (%) 55 Recoil Reduction 2 Offensive Hacking 10 Authchip Count 1 Item Schematics ----------------- None Robot Schematics ------------------ None Fabricated ------------ Nothing Alien Tech Used ----------------- None Achievements -------------- None Challenges ------------ None Game ------ Seed ReflectiveAblativeDriver Manual? 0 Play Time 00:07:12 Cumulative 14.8 hours Start 2024.04.19 @ 00:04:11 End 2024.04.19 @ 00:11:33 Sessions 1 Manual Loads 0 Difficulty Rogue Special Mode None Game No. 20 Rogue 20 Adventurer 0 Explorer 0 Win Type - Total 0 Types 0/0/0/0/0/0/0/0/0 Lore% 13 Gallery% 26 Achievement% 21 Wizard Run 0 Options --------- Layout 0 ASCII 0 Keyboard 0 Movement Numpad Keybinds 0 Fullscreen 2 Font 24/Smallcaps Map View 76x50 Zoom Use 0% Tactical HUD 0 Map Filters NONE Filters NONE Steam 1 RUN: 4f8786d2-d5a0-4634-a60c-137835774bb0